 Dungeon Crawl Stone Soup version 0.32-a0-42-ga30500b4d3 (webtiles) character file.

Game seed: 14629353180610234359

2 Atlas the Digger (level 1, 0/13 HPs)
             Began as a Demonspawn Earth Elementalist on Jan 31, 2024.
             Slain by a kobold
             ... wielding a +1 dagger of protection
              (3 damage)
             ... on level 1 of the Dungeon.
             The game lasted 00:00:07 (90 turns).

Atlas the Digger (Demonspawn Earth Elementalist)      Turns: 90, Time: 00:00:07

Health: 0/13       AC:  2    Str:  8    XL:     1   Next: 25%
Magic:  0/3        EV: 12    Int: 15    God:
Gold:   25         SH:  0    Dex: 13    Spells: 3/4 levels left

rFire   . . .        (no weapon)
rCold   . . .        (no shield)
rNeg    . . .        a - +0 robe
rPois   .            (no helmet)
rElec   .            (no cloak)
rCorr   .            (no gloves)
SInv    .            (no boots)
Will    .....        (no amulet)
Stlth   ++           (no ring)
HPRegen 0.22/turn    (no ring)
MPRegen 0.08/turn

%: no passive effects
@: no status effects
A: no striking features
a: no special abilities


You were on level 1 of the Dungeon.
You visited 1 branch of the dungeon, and saw 1 of its levels.

You collected 25 gold pieces.

Inventory:

Armour
 a - a +0 robe (worn)
Potions
 b - a potion of magic


   Skills:
 + Level 1.8 Dodging
 + Level 1.7 Stealth
 + Level 2.0 Spellcasting
 + Level 1.0 Conjurations
 + Level 2.8 Earth Magic


You had 3 spell levels left.
You knew the following spells:

 Your Spells              Type           Power      Damage    Failure   Level
a - Sandblast             Erth           18%        2d7       7%          1

Your spell library contained the following spells:

 Spells                   Type           Power      Damage    Failure   Level
 Passwall                 Erth           9%         N/A       22%         3
 Stone Arrow              Conj/Erth      14%        3d7       30%         3
 Brom's Barrelling Bould  Conj/Erth      7%         2d3       71%         4
 Petrify                  Alch/Erth      5%         N/A       77%         4


Dungeon Overview and Level Annotations

Branches:
Dungeon (1/15)

Altars:


Message History

Found 11 gold pieces.
There is an open door here.
The kobold throws a stone.
The stone hits you but does no damage.
The blast of sand misses the kobold.
You miscast Sandblast.
You are very lightly contaminated with residual magic.
Nothing appears to happen.
The blast of sand hits the kobold!
You kill the kobold!
Unknown command.
You are out of magic!
Your magical contamination has completely faded away.
Magic restored.
You now have 11 gold pieces.
You now have 25 gold pieces (gained 14).
A ball python comes into view.
Found 3 poisoned darts.
The blast of sand hits the ball python!
You kill the ball python!
You can't see any susceptible monsters within range! (Use Z to cast anyway.)
You can't see any susceptible monsters within range! (Use Z to cast anyway.)
A kobold comes into view.
It is wielding a +1 dagger of protection.
The kobold shouts!
Unknown command.
The blast of sand hits the kobold but does no damage.
The kobold closely misses you.
The blast of sand misses the kobold.
The kobold hits you with a +1 dagger of protection.
The blast of sand misses the kobold.
The kobold hits you with a +1 dagger of protection. x2
A kobold is nearby!
A bat comes into view.
The kobold barely misses you.
Found a faded altar of an unknown god.
The kobold attacks as it pursues you!
The kobold hits you with a +1 dagger of protection.
The kobold misses you.
You closely miss the bat. The bat hits you.
* * * LOW HITPOINT WARNING * * *
The kobold hits you with a +1 dagger of protection.
You die...

### #.# #... # .. ###...
.. ..###### #...# ...
##+####.#...†###...#.._.
#.......#.#.............
+.......#.#....K......⌠.
#.......#.#.....@b...#
.###......##+########...
.###......# .'.'.)....#
.###......# ..##......#
#.#####...# #.# #...#
#.# #...+


You could see a bat and a kobold.

Vanquished Creatures
  A kobold (D:1)
  A ball python (D:1)
2 creatures vanquished.

Notes
Turn   | Place    | Note
-------+----------+-------------------------------------------
     0 | D:1      | Atlas the Demonspawn Earth Elementalist began the quest for
                  | the Orb.
     0 | D:1      | Reached XP level 1. HP: 13/13 MP: 3/3
    88 | D:1      | Found a faded altar of an unknown god.
    90 | D:1      | Slain by a kobold

Illustrated notes

Levels and vault maps discovered:
D:1:      reono_arrival_mine, layout_basic, hellmonk_ecumenical_altar_run_dry,
          minmay_gold_behind_fungi, roderic_roman_lattice, minmay_hedge_maze,
          nicolae_figureground_pulse

Action                     || total
---------------------------++-------
  Melee: Unarmed           ||     1
   Cast: Sandblast         ||     6
 Armour: Robe              ||     7
  Dodge: Dodged            ||     3

Table legend: (Time is in decaauts)
 A = Elapsed time spent in this place.
 B = Non-inter-level travel time spent in this place.
 C = Inter-level travel time spent in this place.
 D = Time resting spent in this place.
 E = Time spent auto-exploring this place.
 F = Levels seen in this place.
 G = Mean time per level.
                   A        B        C        D        E       F      G
               +--------+--------+--------+--------+--------+-----+--------+
         Total |     93 |     93 |      0 |      0 |     72 |   1 |   93.0 |
       Dungeon |     93 |     93 |      0 |      0 |     72 |   1 |   93.0 |
               +--------+--------+--------+--------+--------+-----+--------+

Top non-repeatable levels by time:
     D:1: 93 daAuts
